 Dungeon Crawl Stone Soup version 0.30.1-11-g7821555f0a (webtiles) character file.

Game seed: 2475435223443356674

56 Ternin the Cudgeller (level 3, 0/10 (31) HPs)
             Began as a Gnoll Reaver on Nov 28, 2023.
             Slain by an adder (1 damage)
             ... on level 2 of the Dungeon.
             The game lasted 00:05:26 (590 turns).

Ternin the Cudgeller (Gnoll Reaver)                  Turns: 590, Time: 00:05:27

HP:   0/10 (31)     AC:  7    Str: 13    XL:     3   Next: 95%
MP:   9/9           EV: 12    Int: 12    God:
Gold: 93            SH:  0    Dex: 10    Spells: 11/12 levels left

rFire   . . .        a - +1 mace
rCold   . . .        (no shield)
rNeg    . . .        b - +0 leather armour
rPois   .            (no helmet)
rElec   .            (no cloak)
rCorr   .            (no gloves)
SInv    .            (no boots)
Will    .....        j - amulet of magic regeneration
Stlth   +            d - +4 ring of protection
HPRegen 0.21/turn    (no ring)
MPRegen 0.51/turn

%: no passive effects
@: lethally poisoned (0 -> -3), extremely drained
A: fangs 1, strong nose, distributed training
a: no special abilities


You were on level 2 of the Dungeon.
You visited 1 branch of the dungeon, and saw 2 of its levels.

You collected 93 gold pieces.

Inventory:

Hand Weapons
 a - a +1 mace (weapon)
 m - a +0 sling
Armour
 b - a +0 leather armour (worn)
Jewellery
 d - a +4 ring of protection (left hand)
 j - an amulet of magic regeneration (around neck)
Scrolls
 e - a scroll of blinking {unknown}
Potions
 c - a potion of heal wounds
 g - 2 potions of invisibility {unknown}
 h - a potion of brilliance {unknown}
 k - a potion of lignification {unknown}


   Skills:
 + Level 4.6 Fighting
 + Level 1.0 Short Blades
 + Level 1.0 Long Blades
 + Level 1.0 Axes
 + Level 6.5 Maces & Flails
 + Level 1.0 Polearms
 + Level 1.0 Staves
 + Level 1.0 Ranged Weapons
 + Level 1.0 Throwing
 + Level 1.0 Armour
 + Level 4.6 Dodging
 + Level 1.0 Stealth
 + Level 1.0 Shields
 + Level 1.0 Unarmed Combat
 + Level 5.0 Spellcasting
 + Level 5.4 Conjurations
 + Level 0.7 Hexes
 + Level 0.7 Summonings
 + Level 0.7 Necromancy
 + Level 0.7 Translocations
 + Level 0.7 Transmutations
 + Level 0.7 Fire Magic
 + Level 0.7 Ice Magic
 + Level 0.7 Air Magic
 + Level 0.7 Earth Magic
 + Level 0.7 Poison Magic
 + Level 1.1 Invocations
 + Level 1.0 Evocations


You had 11 spell levels left.
You knew the following spells:

 Your Spells              Type           Power      Damage    Failure   Level
a - Kiss of Death         Conj/Necr      40%        2d8       7%          1

Your spell library contained the following spells:

 Spells                   Type           Power      Damage    Failure   Level
 Momentum Strike          Conj/Tloc      20%        3d8       11%         2
 Hailstorm                Conj/Ice       10%        3d5       22%         3


Dungeon Overview and Level Annotations

Branches:
Dungeon (2/15)

Altars:


Innate Abilities, Weirdness & Mutations

You have very sharp teeth.
Your uncanny sense of smell can sniff out nearby items.
Your experience applies equally to all skills.


Message History

There is a stone staircase leading up here.
There is a stone staircase leading up here.
You start putting on your amulet.
You continue putting on your amulet of magic regeneration. x5
You finish putting on your amulet of magic regeneration.
j - an amulet of magic regeneration (around neck)
Found 15 gold pieces.
You now have 65 gold pieces (gained 15).
There are no items here.
As you open the door, it creaks loudly!
Found 16 gold pieces.
Found 12 gold pieces.
There is an open door here.
You now have 81 gold pieces (gained 16).
There are no items here.
You now have 93 gold pieces (gained 12).
There are no items here.
You open the door.
An adder comes into view.
The adder hisses angrily.
The adder bites you.
You are poisoned.
The adder poisons you!
A giant cockroach comes into view.
There is an open door here.
You barely miss the adder.
You feel sick. The adder closely misses you. The adder completely misses you.
You miss the adder.
You feel sick. The adder misses you.
You barely miss the adder.
You feel sick. The adder bites you.
You are lethally poisoned!
The adder poisons you! The adder barely misses you.
The adder attacks as you move away! The adder bites you but does no damage.
* * * LOW HITPOINT WARNING * * *
You feel sick.
* * * LOW HITPOINT WARNING * * *
You feel sick. The adder attacks as you move away! The adder barely misses you.
* * * LOW HITPOINT WARNING * * *
You feel sick. The adder bites you.
You die...

#.# ##+## ########.#
##...## #........#
##.....###.##.##..#
##.......##.##..#..#
#.........#.##.....######
+.........'..............
#.........#.##.....######
##......@##.##..#..#
##....S###........#
##..B## #.......## ##'##
####.#### #.# #.# ..# #.#
#..# #.# .... #.# .....
.#


You could see an adder and a giant cockroach.

Vanquished Creatures
  4 gnolls (D:2)
  A ball python (D:1)
  2 endoplasms (D:2)
  A giant cockroach (D:1)
  2 goblins
  2 hobgoblins (D:1)
  A quokka (D:2)
  A frilled lizard (D:1)
  2 rats (D:1)
16 creatures vanquished.

Notes
Turn   | Place    | Note
-------+----------+-------------------------------------------
     0 | D:1      | Ternin the Gnoll Reaver began the quest for the Orb.
     0 | D:1      | Reached XP level 1. HP: 20/20 MP: 6/6
   106 | D:1      | Reached XP level 2. HP: 15/24 MP: 5/7
   459 | D:2      | Reached skill level 5 in Spellcasting
   459 | D:2      | Reached XP level 3. HP: 24/31 MP: 7/9
   466 | D:2      | Reached skill level 1 in Invocations
   495 | D:2      | Reached skill level 1 in Short Blades
   495 | D:2      | Reached skill level 1 in Long Blades
   495 | D:2      | Reached skill level 1 in Axes
   495 | D:2      | Reached skill level 1 in Polearms
   495 | D:2      | Reached skill level 1 in Staves
   495 | D:2      | Reached skill level 1 in Ranged Weapons
   495 | D:2      | Reached skill level 1 in Throwing
   495 | D:2      | Reached skill level 1 in Armour
   495 | D:2      | Reached skill level 1 in Stealth
   495 | D:2      | Reached skill level 1 in Shields
   495 | D:2      | Reached skill level 1 in Unarmed Combat
   495 | D:2      | Reached skill level 1 in Evocations
   590 | D:2      | Slain by an adder

Illustrated notes

Levels and vault maps discovered:
D:1:      lemuel_arrival_broad_hall, layout_basic, minivault_5, kennysheep_boxes
D:2:      minmay_wonky_spiral, layout_loops_corners,
          ebering_ecumenical_altar_petrified, nicolae_grassy_gnolls

Skill      XL: |  1  2  3 |
---------------+----------+-----
Spellcasting   | 5 |  5.0
Invocations    | 1 |  1.1
Short Blades   | 1 |  1.0
Long Blades    | 1 |  1.0
Axes           | 1 |  1.0
Polearms       | 1 |  1.0
Staves         | 1 |  1.0
Ranged Weapons | 1 |  1.0
Throwing       | 1 |  1.0
Armour         | 1 |  1.0
Stealth        | 1 |  1.0
Shields        | 1 |  1.0
Unarmed Combat | 1 |  1.0
Evocations     | 1 |  1.0
Fighting       | |  4.6
Maces & Flails | |  6.5
Dodging        | |  4.6
Conjurations   | |  5.4
Hexes          | |  0.7
Summonings     | |  0.7
Necromancy     | |  0.7
Translocations | |  0.7
Transmutations | |  0.7
Fire Magic     | |  0.7
Ice Magic      | |  0.7
Air Magic      | |  0.7
Earth Magic    | |  0.7
Poison Magic   | |  0.7

Action                     || total
---------------------------++-------
  Melee: Mace              ||    52
         Bite              ||     5
         Punch             ||     1
   Cast: Kiss of Death     ||     6
    Use: Scroll            ||     6
         Potion            ||     1
 Armour: Leather armour    ||     9
  Dodge: Dodged            ||    52
